 Dungeon Crawl Stone Soup version 0.26.0-15-gc6cd9f700b (webtiles) character file.

Game seed: 3903322069246132892

386 lastplaneout the Cudgeller (level 6, -2/47 HPs)
             Began as a Demonspawn Fighter on Jan 17, 2021.
             Slain by a black bear (6 damage)
             ... on level 4 of the Dungeon.
             The game lasted 00:11:17 (3498 turns).

lastplaneout the Cudgeller (Demonspawn Fighter)     Turns: 3498, Time: 00:11:18

Health: -2/47      AC:  9    Str: 18    XL:     6   Next: 48%
Magic:  6/6        EV:  7    Int:  9    God:
Gold:   244        SH:  9    Dex: 13    Spells: 5/5 levels left

rFire    . . .     SeeInvis .   a - +0 flail
rCold    . . .     Faith    .   c - +0 kite shield
rNeg     . . .     Spirit   .   y - +0 scale mail (curse)
rPois    .         Reflect  .   (helmet restricted)
rElec    .         Harm     .   (no cloak)
rCorr    .         Rampage  .   (no gloves)
Will     .....                  (no boots)
Stlth    ..........             (no amulet)
HPRegen  0.15/turn              (no ring)
MPRegen  0.10/turn              (no ring)

@: no status effects
A: antennae 1, yellow scales 2, powered by death 1
a: no special abilities


You were on level 4 of the Dungeon.
You visited 1 branch of the dungeon, and saw 4 of its levels.
You also visited: Sewer.

You collected 244 gold pieces.

Inventory:

Hand Weapons
 a - a +0 flail (weapon)
Armour
 b - a +0 scale mail
 c - a +0 kite shield (worn)
 y - a cursed +0 scale mail (worn)
Jewellery
 n - an uncursed ring of wizardry
 q - an uncursed ring of flight
 v - an uncursed ring of flight
Wands
 s - a wand of paralysis (7)
Scrolls
 e - a scroll of noise {unknown}
 f - 2 scrolls of enchant armour {unknown}
 i - 2 scrolls of magic mapping {unknown}
 j - 4 scrolls of teleportation
 m - a scroll of immolation {unknown}
 o - a scroll of blinking {unknown}
 p - 2 scrolls of remove curse {unknown}
 r - a scroll of amnesia {unknown}
 t - a scroll of fog {unknown}
 w - a scroll of enchant weapon {unknown}
Potions
 d - a potion of might
 g - 2 potions of heal wounds
 h - a potion of flight {unknown}
 k - a potion of magic {unknown}
 l - 2 potions of degeneration {unknown}
 u - a potion of invisibility {unknown}
 x - a potion of brilliance {unknown}
 z - a potion of haste {unknown}


   Skills:
 - Level 3.0 Fighting
 + Level 6.4 Maces & Flails
 - Level 2.6 Armour
 - Level 2.6 Shields


You had 5 spell levels left.
You didn't know any spells.
Your spell library was empty.

Dungeon Overview and Level Annotations

Branches:
Dungeon (4/15)              Sewer (visited)
 Temple: D:4-7

Altars:
Nemelex Xobeh


Innate Abilities, Weirdness & Mutations

You have a pair of small antennae on your head.
You are mostly covered in yellow scales. (AC +3)
You regenerate a little health from kills.


Message History

You closely miss the black bear.
The black bear is almost dead.
The black bear bites you. You block the black bear's attack.
The black bear claws you but does no damage.
You block the black bear's attack. The black bear claws you.
The black bear claws you but does no damage.
You barely miss the black bear.
The black bear is almost dead.
You block the black bear's attack. The black bear claws you.
The black bear claws you but does no damage.
The black bear bites you.
* * * LOW HITPOINT WARNING * * *
The black bear claws you.
* * * LOW HITPOINT WARNING * * *
The black bear claws you.
* * * LOW HITPOINT WARNING * * *
You hit the black bear but do no damage.
The black bear is almost dead.
The black bear bites you.
You die...

#######........#.....######
#........# #.... #........#
. #.... #........# .. #....
#........# ...##....
#........# ........#
#........# ........#
#........# .........
#...@....# ...##....
.......h.#### ######..o.
.........# +.......l#
.........# #........#
.........# #.......o'
.........# #........#
.........# #........#
.........# ########o..#
......{#'###


You could see a black bear (berserk).

Vanquished Creatures
  Purgy (Sewer)
  A bullfrog (D:3)
  An orc wizard (D:3)
  A worker ant (D:4)
  2 gnolls
  5 adders
  4 worms
  2 dart slugs (D:1)
  2 leopard geckos
  9 orcs (D:3)
  3 ball pythons
  4 giant cockroaches
  5 goblins
  8 hobgoblins
  4 jackals
  6 kobolds
  2 quokkas (D:3)
  9 bats
  10 frilled lizards
  9 rats
88 creatures vanquished.

Notes
Turn   | Place    | Note
-------+----------+-------------------------------------------
     0 | D:1      | lastplaneout the Demonspawn Fighter began the quest for the
                  | Orb.
     0 | D:1      | Reached XP level 1. HP: 18/18 MP: 1/1
    19 | D:1      | Reached skill level 2 in Maces & Flails
   179 | D:1      | Gained mutation: You are partially covered in yellow
                  | scales. (AC +2) [demonic ancestry]
   179 | D:1      | Reached XP level 2. HP: 24/24 MP: 2/2
   634 | D:2      | Reached skill level 3 in Maces & Flails
   768 | D:2      | Reached XP level 3. HP: 28/29 MP: 3/3
   826 | D:2      | Found a sparkling altar of Nemelex Xobeh.
  1338 | D:3      | Reached skill level 4 in Maces & Flails
  1338 | D:3      | Gained mutation: You regenerate a little health from kills.
                  | [demonic ancestry]
  1338 | D:3      | Reached XP level 4. HP: 20/35 MP: 4/4
  1514 | D:3      | Found a glowing drain.
  1564 | Sewer    | Entered a sewer
  1699 | Sewer    | Noticed Purgy
  1710 | Sewer    | Killed Purgy
  1711 | Sewer    | Reached skill level 5 in Maces & Flails
  1711 | Sewer    | Gained mutation: You have a pair of small antennae on your
                  | head. [demonic ancestry]
  1711 | Sewer    | Reached XP level 5. HP: 19/41 MP: 5/5
  2666 | D:3      | Gained mutation: You are mostly covered in yellow scales.
                  | (AC +3) [demonic ancestry]
  2666 | D:3      | Reached XP level 6. HP: 47/47 MP: 6/6
  2711 | D:3      | Reached skill level 6 in Maces & Flails
  3498 | D:4      | Slain by a black bear

Illustrated notes

Levels and vault maps discovered:
D:1:      roderic_crossed_star, layout_basic
D:2:      layout_rooms, grunt_ministairs_6, nemelex_diamond_rough_becter
D:3:      minmay_chambers_of_threes, layout_basic, cheibrodos_sewer_entry_bend
D:4:      layout_gridville

Skill      XL: |  1  2  3  4  5  6 |
---------------+-------------------+-----
Maces & Flails | 2 3 4 5 6 |  6.4
Fighting       | |  3.0
Armour         | |  2.6
Shields        | |  2.6

Action                   |  1- 3 |  4- 6 || total
-------------------------+-------+-------++-------
Melee: Flail             |   136 |   236 ||   372
  Use: Scroll            |       |     4 ||     4
       Potion            |       |     3 ||     3
Armor: Scale mail        |    86 |   174 ||   260
Dodge: Dodged            |    56 |    96 ||   152
Block: Kite shield       |    91 |   169 ||   260
